BSA
POCATELLO BOCCABELLAS @ SPRINGFIELD STARS
06/29/2024
 
TOP OF THE 1ST
Pocatello Boccabellas batting - Pitching for Springfield Stars : RHP José López
Pitching: RHP José López
Batting: RHB José Delgado 0-0: Called Strike
0-1: Swinging Strike
0-2: SINGLE (Flyball, 78S)
Batting: RHB Marlon Phipps 0-0: Ball
1-0: Ball
2-0: SINGLE (Line Drive, 6D)
José Delgado to second
Batting: LHB Juan Cortés 0-0: Ball
1-0: Called Strike
1-1: Called Strike
1-2: Strikes out looking
Batting: RHB Francisco Sandoval 0-0: Ball
1-0: Ball
2-0: Ball
3-0: SINGLE (Line Drive, 8RS)
José Delgado to third
Marlon Phipps to second
Runner from 3rd tries for Home, SAFE, throw made home
Marlon Phipps to third
Francisco Sandoval to second
Batting: LHB Norberto Muńóz 0-0: Swinging Strike
0-1: Ball
1-1: Ball
2-1: Called Strike
2-2: Ground out 4-3 (Groundball, 4)
Marlon Phipps scores
Francisco Sandoval to third
Batting: LHB David Monahan 0-0: Fly out, F9 (Flyball, 89M)
Top of the 1st over - 2 run(s), 3 hit(s), 0 error(s), 1 left on base; Pocatello 2 - Springfield 0
BOTTOM OF THE 1ST
Springfield Stars batting - Pitching for Pocatello Boccabellas : RHP Kevin Bush
Pitching: RHP Kevin Bush
Batting: RHB Juan Rodríguez 0-0: SINGLE (Line Drive, 8RS)
Batting: RHB Calvin Bennett 0-0: Ball
1-0: Grounds into double play, 5-4-3 (Groundball, 5L)
Batting: LHB César Valentín 0-0: Ball
1-0: Ball
2-0: DOUBLE (Flyball, 7D)
Batting: LHB Derek Davidson 0-0: Ball
1-0: Called Strike
1-1: Foul Ball, location: 2F
1-2: Foul Ball, location: 2F
1-2: Fly out, F4 (Popup, 4MD)
Bottom of the 1st over - 0 run(s), 2 hit(s), 0 error(s), 1 left on base; Pocatello 2 - Springfield 0
TOP OF THE 2ND
Pocatello Boccabellas batting - Pitching for Springfield Stars : RHP José López
Batting: RHB Pedro Guzmán 0-0: Called Strike
0-1: Called Strike
0-2: Ball
1-2: Ball
2-2: Foul Ball, location: 2F
2-2: Strikes out swinging
Batting: RHB Pete Harvey 0-0: Ball
1-0: Called Strike
1-1: Ball
2-1: Swinging Strike
2-2: Strikes out swinging
Batting: LHB John Summers 0-0: Ball
1-0: Ball
2-0: Ball
3-0: Base on Balls
Batting: RHB José Delgado 0-0: Ball
1-0: Foul Ball, location: 2F
1-1: Ball
2-1: Ball
3-1: Base on Balls
John Summers to second
Batting: RHB Marlon Phipps 0-0: Called Strike
0-1: Ball
1-1: Foul Ball, location: 2F
1-2: Ball
2-2: Ball
3-2: Base on Balls
John Summers to third
José Delgado to second
Batting: LHB Juan Cortés 0-0: Called Strike
0-1: Ground out 4-3 (Groundball, 4)
Top of the 2nd over - 0 run(s), 0 hit(s), 0 error(s), 3 left on base; Pocatello 2 - Springfield 0
BOTTOM OF THE 2ND
Springfield Stars batting - Pitching for Pocatello Boccabellas : RHP Kevin Bush
Batting: LHB Felipe Guerrero 0-0: Swinging Strike
0-1: Swinging Strike
0-2: Foul Ball, location: 2F
0-2: Strikes out looking
Batting: LHB Ryan Drake 0-0: Called Strike
0-1: Called Strike
0-2: Strikes out looking
Batting: RHB Will Sterling 0-0: Ball
1-0: Swinging Strike
1-1: Called Strike
1-2: Strikes out swinging
Bottom of the 2nd over - 0 run(s), 0 hit(s), 0 error(s), 0 left on base; Pocatello 2 - Springfield 0
TOP OF THE 3RD
Pocatello Boccabellas batting - Pitching for Springfield Stars : RHP José López
Batting: RHB Francisco Sandoval 0-0: Swinging Strike
0-1: DOUBLE (Line Drive, 7LM)
Batting: LHB Norberto Muńóz 0-0: Ball
1-0: Ball
2-0: Called Strike
2-1: Foul Ball, location: 2F
2-2: Ball
3-2: Foul Ball, location: 2F
3-2: Ground out 4-3 (Groundball, 34)
Francisco Sandoval to third
Batting: LHB David Monahan 0-0: Swinging Strike
0-1: Ball
1-1: Swinging Strike
1-2: Strikes out swinging
Batting: RHB Pedro Guzmán 0-0: Called Strike
0-1: Ball
1-1: SINGLE (Groundball, 56D) (infield hit)
Francisco Sandoval scores
Batting: RHB Pete Harvey 0-0: Ball
Pedro Guzmán steals 2nd base
1-0: Fly out, F8 (Popup, 4MD)
Top of the 3rd over - 1 run(s), 2 hit(s), 0 error(s), 1 left on base; Pocatello 3 - Springfield 0
BOTTOM OF THE 3RD
Springfield Stars batting - Pitching for Pocatello Boccabellas : RHP Kevin Bush
Batting: SHB David García 0-0: Called Strike
0-1: Ball
1-1: SINGLE (Line Drive, 6MD)
Batting: LHB Jesús Tobías 0-0: Ball
Passed Ball!
David García to second
1-0: Ball
2-0: Swinging Strike
2-1: Ground out 6-3 (Groundball, 4MS)
David García to third
Batting: RHB Juan Rodríguez 0-0: Called Strike
0-1: Called Strike
0-2: Strikes out looking
Batting: RHB Calvin Bennett 0-0: Swinging Strike
0-1: Swinging Strike
0-2: Strikes out looking
Bottom of the 3rd over - 0 run(s), 1 hit(s), 0 error(s), 1 left on base; Pocatello 3 - Springfield 0
TOP OF THE 4TH
Pocatello Boccabellas batting - Pitching for Springfield Stars : RHP José López
Batting: LHB John Summers 0-0: Ball
1-0: Called Strike
1-1: Fly out, F7 (Line Drive, 7S)
Batting: RHB José Delgado 0-0: Ball
1-0: Swinging Strike
1-1: Swinging Strike
1-2: Fly out, F7 (Flyball, 78S)
Batting: RHB Marlon Phipps 0-0: Swinging Strike
0-1: SINGLE (Groundball, 56D)
Batting: LHB Juan Cortés 0-0: Called Strike
0-1: Swinging Strike
0-2: Ball
1-2: Ball
2-2: Strikes out swinging
Top of the 4th over - 0 run(s), 1 hit(s), 0 error(s), 1 left on base; Pocatello 3 - Springfield 0
BOTTOM OF THE 4TH
Springfield Stars batting - Pitching for Pocatello Boccabellas : RHP Kevin Bush
Batting: LHB César Valentín 0-0: Called Strike
0-1: Ground out U3 (Groundball, 3)
Batting: LHB Derek Davidson 0-0: Ball
1-0: Ball
2-0: SINGLE (Groundball, 4M)
Batting: LHB Felipe Guerrero 0-0: Swinging Strike
0-1: Ball
1-1: Called Strike
1-2: Fielders Choice at 2nd, 4-6 (Groundball, 4)
Batting: LHB Ryan Drake 0-0: Ball
1-0: Called Strike
1-1: Ball
Single, Error in OF, E9, batter to second base
Felipe Guerrero to third
Batting: RHB Will Sterling 0-0: Reached on error, E5 (Groundball, 56S)
Felipe Guerrero scores
Ryan Drake to third
Batting: SHB David García 0-0: Ball
1-0: Foul Ball, location: 2F
1-1: SINGLE (Groundball, 56)
Ryan Drake scores
Will Sterling to second
Batting: LHB Jesús Tobías 0-0: Called Strike
0-1: Fly out, F7 (Flyball, 7S)
Bottom of the 4th over - 2 run(s), 3 hit(s), 2 error(s), 2 left on base; Pocatello 3 - Springfield 2
TOP OF THE 5TH
Pocatello Boccabellas batting - Pitching for Springfield Stars : RHP José López
Batting: RHB Francisco Sandoval 0-0: Foul Ball, location: 2F
0-1: Ground out 4-3 (Groundball, 4)
Batting: LHB Norberto Muńóz 0-0: Swinging Strike
0-1: Ball
1-1: Ball
2-1: Ball
3-1: Fly out, F9 (Flyball, 9M)
Batting: LHB David Monahan 0-0: Called Strike
0-1: Fly out, F7 (Popup, 5D)
Top of the 5th over - 0 run(s), 0 hit(s), 0 error(s), 0 left on base; Pocatello 3 - Springfield 2
BOTTOM OF THE 5TH
Springfield Stars batting - Pitching for Pocatello Boccabellas : RHP Kevin Bush
Batting: RHB Juan Rodríguez 0-0: Ball
1-0: Called Strike
1-1: Ball
2-1: Foul Ball, location: 2F
2-2: Ground out 6-3 (Groundball, 6)
Batting: RHB Calvin Bennett 0-0: Ball
1-0: Ball
2-0: Fly out, F4 (Popup, 3)
Batting: LHB César Valentín 0-0: Called Strike
0-1: Ball
1-1: Ball
2-1: Ground out 4-3 (Groundball, 4)
Bottom of the 5th over - 0 run(s), 0 hit(s), 0 error(s), 0 left on base; Pocatello 3 - Springfield 2
TOP OF THE 6TH
Pocatello Boccabellas batting - Pitching for Springfield Stars : RHP José López
Batting: RHB Pedro Guzmán 0-0: Ground out 4-3 (Groundball, 4)
Batting: RHB Pete Harvey 0-0: Ball
1-0: Ball
2-0: Fly out, F9 (Flyball, 89M)
Batting: LHB John Summers 0-0: Fly out, F7 (Flyball, 7M)
Top of the 6th over - 0 run(s), 0 hit(s), 0 error(s), 0 left on base; Pocatello 3 - Springfield 2
BOTTOM OF THE 6TH
Springfield Stars batting - Pitching for Pocatello Boccabellas : RHP Kevin Bush
Batting: LHB Derek Davidson 0-0: Called Strike
0-1: Ball
1-1: Called Strike
1-2: Strikes out swinging
Batting: LHB Felipe Guerrero 0-0: Ball
1-0: Foul Ball, location: 2F
1-1: Foul Ball, location: 2F
1-2: Fly out, F7 (Flyball, 7LD)
Batting: LHB Ryan Drake 0-0: Ball
1-0: Swinging Strike
1-1: Ball
2-1: Ball
3-1: Foul Ball, location: 2F
3-2: Foul Ball, location: 2F
3-2: Ground out 4-3 (Groundball, 4)
Bottom of the 6th over - 0 run(s), 0 hit(s), 0 error(s), 0 left on base; Pocatello 3 - Springfield 2
TOP OF THE 7TH
Pocatello Boccabellas batting - Pitching for Springfield Stars : RHP José López
Pitching: RHP Ramón Vélez
Batting: RHB José Delgado 0-0: Ball
1-0: Swinging Strike
1-1: Foul Ball, location: 2F
1-2: Ground out 5-3 (Groundball, 5L)
Batting: RHB Marlon Phipps 0-0: Called Strike
0-1: Foul Ball, location: 2F
0-2: Ball
1-2: Strikes out looking
Batting: LHB Juan Cortés 0-0: Ball
1-0: Ball
2-0: Called Strike
2-1: Ball
3-1: SINGLE (Line Drive, 89S)
Batting: RHB Francisco Sandoval 0-0: Ball
1-0: Called Strike
1-1: Ball
2-1: 2-RUN HOME RUN (Flyball, 9D), Distance : 402 ft
Batting: LHB Norberto Muńóz 0-0: Called Strike
0-1: Swinging Strike
0-2: Fly out, F9 (Flyball, 8RM)
Top of the 7th over - 2 run(s), 2 hit(s), 0 error(s), 0 left on base; Pocatello 5 - Springfield 2
BOTTOM OF THE 7TH
Springfield Stars batting - Pitching for Pocatello Boccabellas : RHP Kevin Bush
Batting: RHB Will Sterling 0-0: Ball
1-0: Ball
2-0: Called Strike
2-1: Fly out, F8 (Flyball, 8LM)
Batting: SHB David García 0-0: Ball
1-0: Fly out, F9 (Flyball, 89XD)
Batting: LHB Jesús Tobías 0-0: Ball
1-0: Ball
2-0: Foul Ball, location: 2F
2-1: Ball
3-1: Base on Balls
Batting: RHB Juan Rodríguez 0-0: Called Strike
Jesús Tobías steals 2nd base
0-1: SINGLE (Line Drive, 89S)
Jesús Tobías to third
Runner from 3rd tries for Home, SAFE, no throw or cutoff
Batting: RHB Calvin Bennett 0-0: Ball
1-0: Fly out, F6 (Popup, 4M)
Bottom of the 7th over - 1 run(s), 1 hit(s), 0 error(s), 1 left on base; Pocatello 5 - Springfield 3
TOP OF THE 8TH
Pocatello Boccabellas batting - Pitching for Springfield Stars : RHP Ramón Vélez
Batting: LHB David Monahan 0-0: Ball
1-0: Ground out 4-3 (Groundball, 34)
Batting: RHB Pedro Guzmán 0-0: Ball
1-0: TRIPLE (Line Drive, 8RXD)
Batting: RHB Pete Harvey 0-0: Intentional Walk
Pitching: LHP Glenn Tutt
Batting: LHB John Summers 0-0: Called Strike
0-1: Grounds into double play, 4-6-3 (Groundball, 4)
Top of the 8th over - 0 run(s), 1 hit(s), 0 error(s), 1 left on base; Pocatello 5 - Springfield 3
BOTTOM OF THE 8TH
Springfield Stars batting - Pitching for Pocatello Boccabellas : RHP Kevin Bush
Batting: LHB César Valentín 0-0: Ball
1-0: Foul Ball, location: 2F
1-1: Ball
2-1: Reached on error, E4 (Groundball, 4)
Batting: LHB Derek Davidson 0-0: Foul Ball, location: 2F
0-1: Ball
1-1: Foul Ball, location: 2F
1-2: Ball
2-2: Foul Ball, location: 2F
2-2: Ground out 4-3 (Groundball, 4)
César Valentín to third
Batting: LHB Felipe Guerrero 0-0: Foul Ball, location: 2F
0-1: Swinging Strike
0-2: Ball
1-2: Ball
2-2: Foul Ball, location: 2F
2-2: Strikes out looking
Batting: LHB Ryan Drake 0-0: Ball
1-0: Ground out 1-3 (Groundball, 13)
Bottom of the 8th over - 0 run(s), 0 hit(s), 1 error(s), 1 left on base; Pocatello 5 - Springfield 3
TOP OF THE 9TH
Pocatello Boccabellas batting - Pitching for Springfield Stars : LHP Glenn Tutt
Batting: RHB José Delgado 0-0: Fly out, F3 (Popup, 3SF)
Batting: RHB Marlon Phipps 0-0: Ball
1-0: Ball
2-0: Ball
3-0: Called Strike
3-1: Called Strike
3-2: Foul Ball, location: 2F
3-2: Strikes out looking
Batting: LHB Juan Cortés 0-0: SINGLE (Groundball, 3L)
Batting: RHB Francisco Sandoval 0-0: Swinging Strike
0-1: Foul Ball, location: 2F
0-2: Ball
1-2: Ball
2-2: SINGLE (Flyball, 8RS)
Juan Cortés to second
Runner from 2nd tries for 3rd, SAFE, throw made to third
Batting: LHB Norberto Muńóz 0-0: Ground out U3 (Groundball, 3L)
Top of the 9th over - 0 run(s), 2 hit(s), 0 error(s), 2 left on base; Pocatello 5 - Springfield 3
BOTTOM OF THE 9TH
Springfield Stars batting - Pitching for Pocatello Boccabellas : RHP Kevin Bush
Pitching: RHP Bill Lowe
Batting: RHB Will Sterling 0-0: Ball
1-0: TRIPLE (Flyball, 8RXD)
Batting: SHB David García 0-0: Foul Ball, location: 2F
0-1: Ball
1-1: Foul Ball, location: 2F
1-2: Strikes out swinging
Batting: LHB Jesús Tobías 0-0: Ball
1-0: Called Strike
1-1: Ball
2-1: Foul Ball, location: 2F
2-2: Foul Ball, location: 2F
2-2: Ball
3-2: Foul Ball, location: 2F
3-2: SINGLE (Groundball, 4M)
Will Sterling scores
Batting: RHB Juan Rodríguez 0-0: Called Strike
0-1: Ball
1-1: Called Strike
1-2: Strikes out looking
Batting: RHB Calvin Bennett 0-0: Ball
1-0: Ball
2-0: Foul Ball, location: 2F
2-1: 2-RUN HOME RUN (Flyball, 7LD), Distance : 357 ft
This league is powered by Out of the Park Baseball, the baseball management simulation game for PC, Mac and Linux
Saturday, April 9th, 2016 - OOTP Baseball 16.8 Build 38